 Dungeon Crawl Stone Soup version 0.30.0-21-gd299b56b3f (webtiles) character file.

Game seed: 3589428173507260620

51 qw the Chopper (level 3, -5/23 HPs)
             Began as a Gargoyle Fighter on June 2, 2023.
             Constricted to death by Sigmund (6 damage)
             ... on level 2 of the Dungeon.
             The game lasted 00:00:40 (1147 turns).

qw the Chopper (Gargoyle Fighter)                   Turns: 1147, Time: 00:00:41

Health: -5/23      AC: 11    Str: 20    XL:     3   Next: 81%
Magic:  3/3        EV:  6    Int:  7    God:
Gold:   28         SH:  4    Dex: 13    Spells: 2/2 levels left

rFire   . . .        Y - +0 war axe
rCold   . . .        c - +0 buckler
rNeg    + . .        b - +0 scale mail
rPois   inf          (no helmet)
rElec   +            (no cloak)
rCorr   .            h - +0 pair of gloves
SInv    .            (no boots)
Will    .....        g - amulet of faith Stlth
                     (no ring)
HPRegen 0.23/turn    (no ring)
MPRegen 0.08/turn

%: faith
@: grasped by roots, constricted
A: sickness immunity, AC +3, negative energy resistance 1, electricity
resistance, torment resistance 1, petrification resistance, agile 1, MP-powered
wands
a: no special abilities


You were on level 2 of the Dungeon.
You visited 1 branch of the dungeon, and saw 2 of its levels.

You collected 28 gold pieces.


Innate Abilities, Weirdness & Mutations

You are immune to sickness and miasma.
Your stone body is resilient. (AC +3)
You are immune to poison.
You resist negative energy. (rN+)
You are resistant to electric shocks. (rElec)
You are resistant to unholy torment.
You are immune to petrification.
You are agile. (Dex +4, Str/Int -1)
You expend magic power (3 MP) to strengthen your wands.


   Skills:
 - Level 3.2 Fighting
 + Level 3.6 Axes
 - Level 3.2 Armour
 - Level 3.2 Shields


You had 2 spell levels left.
You didn't know any spells.
Your spell library was empty.

Inventory:

Hand Weapons
 o - a +0 whip
 Y - a +0 war axe (weapon)
Missiles
 m - 6 boomerangs (quivered)
Armour
 b - a +0 scale mail (worn)
 c - a +0 buckler (worn)
 h - a +0 pair of gloves (worn)
 n - a +0 chain mail
Jewellery
 g - an amulet of faith (around neck)
Scrolls
 a - a scroll of vulnerability {unknown}
 l - a scroll of magic mapping {unknown}
Potions
 d - a potion of might
 e - 2 potions of haste {unknown}
 f - 2 potions of heal wounds
 i - 3 potions of mutation
 j - a potion of ambrosia {unknown}

Dungeon Overview and Level Annotations

Branches:
Dungeon (2/15)

Altars:

Annotations:
D:2 Sigmund


Message History

Sigmund is lightly wounded.
Sigmund completely misses you.
You closely miss Sigmund.
Sigmund is lightly wounded.
Sigmund says, "Now you see me, now you don't..."
Sigmund zaps a wand.
The roots erupt in riotous growth!
The grasping roots grab you!
Sigmund is unaffected.
The grasping roots constrict you.
Sigmund drinks a potion.
Sigmund flickers and vanishes!
Deactivating autopickup; reactivate with Ctrl-A.
You are constricted.
You hear an angry hiss.
You hear a shout!
You slash something! Something hits you.
You are constricted.
You miss something. Something hits you but does no damage.
You are constricted.
The grasping roots release their grip on you.
You hit something.
You hear a zap.
The roots erupt in riotous growth!
The grasping roots grab you!
You are constricted.
You hear an angry hiss.
You barely miss something.
You hear some strange, mumbled words.
A magic dart appears from out of thin air!
The magic dart hits you but does no damage.
You are constricted.
A goblin comes into view. It is wielding a +0 dagger.
You are too injured to fight recklessly!
You escape the roots grasp.
Something hits you!
Enter note:
Enter note:
1147 ||| FLEEEEING.
You hear a zap.
The roots erupt in riotous growth!
The grasping roots grab you!
You are constricted.
You die...

#######.#.#########
#######.#..........
#...$.#.###########
# #.....#...# ### #.
#.....###.#### #..
#.##.....# #....#
#.. #..|.....#
####.# #.. #g..{^.#
#.# ### ##.@####
##.#### ##...#
#.....#
###.######.....#
###............#
#.....####.....#
#.....# #.....#
########.....#
....###
.............#
.%...#
######......#.S....#


You could see a goblin.

Vanquished Creatures
  A worm (D:2)
  A dart slug (D:1)
  4 bats
  7 endoplasms
  6 goblins
  2 hobgoblins (D:1)
  2 jackals (D:2)
  5 kobolds
  A quokka (D:1)
  3 ball pythons
  4 frilled lizards
  6 rats
42 creatures vanquished.

Notes
Turn   | Place    | Note
-------+----------+-------------------------------------------
     0 | D:1      | qw the Gargoyle Fighter began the quest for the Orb.
     0 | D:1      | Reached XP level 1. HP: 14/14 MP: 1/1
     0 | D:1      | 0 ||| qw: Version: 0.2-a-102-gdf20003
     0 | D:1      | 0 ||| qw: Game counter: 808
     0 | D:1      | 0 ||| qw: Always use a shield: true
     0 | D:1      | 0 ||| qw: God list: Okawaru
     0 | D:1      | 0 ||| qw: Allow faded altars: false
     0 | D:1      | 0 ||| qw: Do Orc after D:15 true
     0 | D:1      | 0 ||| qw: Do second Lair branch before Depths: true
     0 | D:1      | 0 ||| qw: Lair rune preference: random
     0 | D:1      | 0 ||| qw: Plans: Normal, Zot:1-4, Slime:5, God:TSO, Crypt,
                  | Tomb, Pan, Hells, Abyss, Win
     0 | D:1      | 0 ||| PLANNING D:1-11
    60 | D:1      | 60 ||| Stepping ~*~*~tactically~*~*~ (stealth).
    66 | D:1      | HP: 2/14 [frozen (2)]
    69 | D:1      | Reached XP level 2. HP: 4/19 MP: 2/2
   205 | D:1      | 205 ||| Stepping ~*~*~tactically~*~*~ (hiding).
   206 | D:1      | 206 ||| Stepping ~*~*~tactically~*~*~ (hiding).
   207 | D:1      | 207 ||| Stepping ~*~*~tactically~*~*~ (hiding).
   222 | D:1      | 222 ||| FLEEEEING.
   223 | D:1      | 223 ||| FLEEEEING.
   225 | D:1      | 225 ||| FLEEEEING.
   226 | D:1      | 226 ||| FLEEEEING.
   227 | D:1      | 227 ||| FLEEEEING.
   229 | D:1      | 229 ||| FLEEEEING.
   230 | D:1      | 230 ||| FLEEEEING.
   274 | D:1      | 274 ||| Stepping ~*~*~tactically~*~*~ (hiding).
   336 | D:1      | 336 ||| Stepping ~*~*~tactically~*~*~ (stealth).
   343 | D:1      | 343 ||| Stepping ~*~*~tactically~*~*~ (stealth).
   344 | D:1      | 344 ||| Stepping ~*~*~tactically~*~*~ (stealth).
   345 | D:1      | 345 ||| Stepping ~*~*~tactically~*~*~ (stealth).
   346 | D:1      | 346 ||| Stepping ~*~*~tactically~*~*~ (stealth).
   347 | D:1      | 347 ||| Stepping ~*~*~tactically~*~*~ (stealth).
   348 | D:1      | 348 ||| Stepping ~*~*~tactically~*~*~ (stealth).
   349 | D:1      | 349 ||| Stepping ~*~*~tactically~*~*~ (stealth).
   350 | D:1      | 350 ||| Stepping ~*~*~tactically~*~*~ (stealth).
   389 | D:1      | Reached skill level 3 in Axes
   419 | D:1      | 419 ||| Stepping ~*~*~tactically~*~*~ (hiding).
   431 | D:1      | 431 ||| Stepping ~*~*~tactically~*~*~ (stealth).
   470 | D:1      | Reached XP level 3. HP: 23/23 MP: 3/3
   549 | D:1      | 549 ||| Stepping ~*~*~tactically~*~*~ (stealth).
   551 | D:1      | 551 ||| Stepping ~*~*~tactically~*~*~ (stealth).
   890 | D:1      | 890 ||| UPGRADING to +0 pair of gloves.
   895 | D:1      | 895 ||| UPGRADING to amulet of faith.
   900 | D:1      | 900 ||| READING scroll labelled QAYTUG HUIDAK.
   901 | D:1      | 901 ||| DRINKING 2 ruby potions.
   902 | D:1      | 902 ||| DRINKING 2 glowing coppery potions.
   902 | D:1      | Gained mutation: You are agile. (Dex +4, Str/Int -1)
                  | [potion of mutation]
   902 | D:1      | Gained mutation: You expend magic power (3 MP) to
                  | strengthen your wands. [potion of mutation]
  1067 | D:2      | Identified the +4 dagger of Drought {venom, rElec Str-3
                  | Dex+2}
  1103 | D:2      | 1103 ||| Stepping ~*~*~tactically~*~*~ (stealth).
  1112 | D:2      | 1112 ||| Stepping ~*~*~tactically~*~*~ (stealth).
  1117 | D:2      | 1117 ||| DROPPING +0 club.
  1127 | D:2      | 1127 ||| Stepping ~*~*~tactically~*~*~ (stealth).
  1136 | D:2      | Noticed Sigmund
  1146 | D:2      | HP: 1/23 [something (8)]
  1147 | D:2      | 1147 ||| FLEEEEING.
  1147 | D:2      | Constricted to death by Sigmund

Levels and vault maps discovered:
D:1:      dpeg_arrival_connections, layout_loops_ring
D:2:      layout_basic, serial_bayou_pond_c, uniq_sigmund

Skill      XL: |  1  2 |
---------------+-------+-----
Axes           | 2 3 |  3.6
Fighting       | |  3.2
Armour         | |  3.2
Shields        | |  3.2

Action                     || total
---------------------------++-------
  Melee: War axe           ||    92
  Throw: Boomerang         ||    12
    Use: Potion            ||     2
         Scroll            ||     1
 Armour: Scale mail        ||    25
  Dodge: Dodged            ||    27
  Block: Buckler           ||    14

Table legend:
 A = Non-vault XP
 B = Vault XP
 C = Vault XP percentage of total XP
 D = Non-vault monster count
 E = Vault monster count
 F = Vault count percentage of total count
                 A         B        C        D         E       F
            +---------+---------+-------+---------+---------+-------
      Total |      73 |       0 |   0.0 |      42 |       0 |   0.0
            +---------+---------+-------+---------+---------+-------
        D:1 |      48 |       0 |   0.0 |      28 |       0 |   0.0
        D:2 |      25 |       0 |   0.0 |      14 |       0 |   0.0
            +---------+---------+-------+---------+---------+-------
